 Dungeon Sprint DCSS version 0.29.0-7-g18a832c13a (webtiles) character file.

Game seed: 7804502965073407146

10 GigaChad the Shield-Bearer (level 2, -1/28 HPs)
             Began as a Minotaur Fighter on Aug 30, 2022.
             Slain by a scorpion (2 damage)
             ... in the Dungeon (Sprint IV: "Fedhas' Mad Dash").
             The game lasted 00:00:29 (181 turns).

GigaChad the Shield-Bearer (Minotaur Fighter)        Turns: 181, Time: 00:00:30

Health: -1/28      AC:  7    Str: 20    XL:     2   Next: 10%
Magic:  1/1        EV:  9    Int:  5    God:
Gold:   0          SH:  4    Dex:  9    Spells: 1/1 levels left

rFire   . . .      SeeInvis .   a - +0 long sword
rCold   . . .      Faith    .   c - +0 buckler
rNeg    . . .      Spirit   .   b - +0 scale mail
rPois   .          Reflect  .   (helmet restricted)
rElec   .          Harm     .   (no cloak)
rCorr   .          Rampage  .   (no gloves)
Will    .....      NoTele   +   (no boots)
Stlth   ..........              (no amulet)
HPRegen 0.09/turn               (no ring)
MPRegen 0.07/turn               (no ring)

@: no status effects
A: horns 2, retaliatory headbutt
a: no special abilities


You were in the Dungeon.
You visited 1 branch

Inventory:

Hand Weapons
 a - a +0 long sword (weapon)
Armour
 b - a +0 scale mail (worn)
 c - a +0 buckler (worn)
Scrolls
 j - a scroll of blinking
Potions
 d - a potion of might
 e - a potion of curing
 f - a potion of heal wounds
 g - a potion of haste
 h - 2 potions of magic
 i - a potion of berserk rage
 k - a potion of lignification {unknown}


   Skills:
 + Level 4.5 Fighting
 + Level 2.8 Long Blades
 + Level 4.4 Armour
 + Level 4.8 Shields


You had one spell level left.
You didn't know any spells.
Your spell library was empty.

Dungeon Overview and Level Annotations

Branches:
Dungeon (1/1)

Altars:

Annotations:
D exclusion: oklob sapling


Innate Abilities, Weirdness & Mutations

You have a pair of horns on your head.
You reflexively headbutt those who attack you in melee.


Message History

You open the door.
An oklob sapling comes into view.
Marking area around an oklob sapling as unsafe for travelling.
Found 36 gold pieces.
Sorry, I don't know how to get there.
Really walk into a travel-excluded area?
The oklob sapling spits acid at you. The splash of acid hits you!
Ouch! That really hurt!
There is an open door here.
Found a potion of berserk rage and 5 gold pieces.
A scorpion comes into view.
Found the amulet of invisibility {+Inv}.
The scorpion barely misses you.
You see here 11 gold pieces.
The scorpion stings you.
You see here 3 gold pieces.
You block the scorpion's attack.
You see here 10 gold pieces.
You see here 12 gold pieces.
You hit the scorpion but do no damage.
The scorpion stings you but does no damage.
The scorpion stings you.
* * * LOW HITPOINT WARNING * * *
You slash the scorpion! Your headbutt misses the scorpion.
The scorpion is heavily wounded.
The scorpion stings you.
* * * LOW HITPOINT WARNING * * *
You closely miss the scorpion.
You headbutt the scorpion, but do no damage.
The scorpion is heavily wounded.
The scorpion stings you but does no damage.
The scorpion barely misses you.
You barely miss the scorpion. Your headbutt misses the scorpion.
The scorpion is heavily wounded.
The scorpion stings you but does no damage.
You closely miss the scorpion. You headbutt the scorpion.
The scorpion is almost dead.
The scorpion barely misses you. The scorpion stings you.
You die...

##################
#<..P#.....#.$$s@#
#PP..'.....'.#!$.+
#PPPP#.....#P#"..#
###############+##


You could see a scorpion.

Vanquished Creatures
  A river rat (D)
  A rat (D)
2 creatures vanquished.

Notes
Turn   | Place    | Note
-------+----------+-------------------------------------------
     0 | D        | GigaChad the Minotaur Fighter began the quest for the Orb.
     0 | D        | Reached XP level 1. HP: 19/19 MP: 0/0
    13 | D        | Reached XP level 2. HP: 14/28 MP: 1/1
   167 | D        | Noticed an oklob sapling
   173 | D        | Noticed a scorpion
   173 | D        | Found the amulet of invisibility {+Inv}
   178 | D        | HP: 1/28 [scorpion (3)]
   181 | D        | Slain by a scorpion

Illustrated notes

Levels and vault maps discovered:
D:        dungeon_sprint_fedhas [sprint_temple]

Skill      XL: |  1 |
---------------+----+-----
Shields        | 4 |  4.8
Fighting       | 4 |  4.5
Armour         | 4 |  4.4
Long Blades    | |  2.8

Action                   || total
-------------------------++-------
Melee: Long sword        ||    11
       Headbutt          ||     4
Armor: Scale mail        ||     6
Dodge: Dodged            ||     7
Block: Buckler           ||     3
